 Dungeon Crawl Stone Soup version 0.28-a0-1616-g050a50673c (webtiles) character file.

Game seed: 15972139705594577363

111 hashsling the Skirmisher (level 4, -5/32 HPs)
             Began as a Gargoyle Wanderer on Jan 22, 2022.
             Slain by an ogre (17 damage)
             ... on level 4 of the Dungeon.
             The game lasted 00:04:58 (2523 turns).

hashsling the Skirmisher (Gargoyle Wanderer)        Turns: 2523, Time: 00:04:59

Health: -5/32      AC: 13    Str: 21    XL:     4   Next: 92%
Magic:  4/4        EV:  9    Int: 10    God:
Gold:   93         SH:  0    Dex:  8    Spells: 3/3 levels left

rFire   . . .      SeeInvis .   e - +0 mace
rCold   . . .      Faith    .   (no shield)
rNeg    + . .      Spirit   .   d - +2 scale mail
rPois   ∞          Reflect  .   (no helmet)
rElec   +          Harm     .   (no cloak)
rCorr   .          Rampage  .   (no gloves)
Will    +....                   (no boots)
Stlth   ..........              f - amulet of the acrobat
HPRegen 0.10/turn               r - ring of willpower
MPRegen 0.09/turn               (no ring)

@: no status effects
A: sickness immunity, AC +3, negative energy resistance 1, electricity
resistance, torment resistance 1, petrification resistance
a: no special abilities


You were on level 4 of the Dungeon.
You visited 1 branch of the dungeon, and saw 4 of its levels.

You collected 93 gold pieces.

Inventory:

Hand Weapons
 e - a +0 mace (weapon)
Missiles
 q - 49 stones (quivered)
 t - 17 bolts
 u - 17 arrows
Armour
 d - a +2 scale mail (worn)
 g - a +0 plate armour of positive energy
Jewellery
 f - an amulet of the acrobat (around neck)
 i - a ring of fire
 r - a ring of willpower (left hand)
Scrolls
 a - 2 scrolls of amnesia {unknown}
 b - a scroll of fog
 h - a scroll of acquirement {unknown}
 m - a scroll of teleportation {unknown}
 n - 2 scrolls of identify {unknown}
 o - a scroll of enchant armour {unknown}
 p - a scroll of immolation {unknown}
 s - a scroll of enchant weapon {unknown}
Potions
 c - a potion of attraction
 j - a potion of curing {unknown}
 k - a potion of lignification {unknown}
 l - a potion of heal wounds {unknown}


   Skills:
 + Level 6.5 Fighting
 + Level 6.5 Armour


You had 3 spell levels left.
You didn't know any spells.
Your spell library contained the following spells:

 Spells                   Type           Power      Damage    Failure   Level
 Pain                     Necr           0%         1d4       67%         1
 Agony                    Necr           0%         N/A       100%        5
 Excruciating Wounds      Necr           0%         N/A       100%        5


Dungeon Overview and Level Annotations

Branches:
Dungeon (4/15)
 Temple: D:4-7

Altars:


Innate Abilities, Weirdness & Mutations

You are immune to sickness and miasma.
Your stone body is resilient. (AC +3)
You are immune to poison.
You resist negative energy. (rN+)
You are resistant to electric shocks. (rElec)
You are resistant to unholy torment.
You are immune to petrification.


Message History

The goblin shouts!
You hear a shout!
A worm comes into view.
The goblin moves out of view.
The goblin misses you.
You closely miss the goblin.
The goblin hits you but does no damage. x2
An ogre comes into view. It is wielding a +0 giant club.
You hit the worm but do no damage. The goblin barely misses you.
You thump the worm!
The worm is heavily wounded.
The goblin hits you but does no damage. The worm bites you but does no damage.
The goblin hits you but does no damage.
You hit the worm.
The worm is heavily wounded.
You barely miss the worm.
The worm is heavily wounded.
The worm completely misses you.
You hit the worm.
The worm is heavily wounded.
The worm bites you but does no damage.
You barely miss the worm.
The worm is heavily wounded.
The worm barely misses you.
You sock the worm!
The worm is almost dead.
The worm bites you.
You sock the worm!
You kill the worm!
You closely miss the goblin. The goblin hits you with a +0 dagger.
The goblin hits you but does no damage.
You sock the goblin!
You kill the goblin!
The ogre hits you with a +0 giant club!
You hit the ogre.
The ogre is lightly wounded.
The ogre hits you with a +0 giant club!
You hit the ogre.
The ogre is lightly wounded.
The ogre hits you with a +0 giant club!
Ouch! That really hurt!
You die...

#######
#...<.#
#.###.########
#@# #........#
#O# ########.#
#.....#
#.....#
.........
###.....##.
#.....# .#
###.### . ..#


You could see an ogre.

Vanquished Creatures
  5 adders
  2 worms
  2 orcs
  6 ball pythons
  3 endoplasms
  A giant cockroach (D:3)
  11 goblins
  7 hobgoblins
  A quokka (D:1)
  7 bats
  A frilled lizard (D:2)
  4 kobolds
  7 rats
57 creatures vanquished.

Notes
Turn   | Place    | Note
-------+----------+-------------------------------------------
     0 | D:1      | hashsling the Gargoyle Wanderer began the quest for the
                  | Orb.
     0 | D:1      | hashsling set off with the following items: a +0 club, a
                  | scroll of fog, a potion of attraction, a +2 scale mail
     0 | D:1      | Reached XP level 1. HP: 16/16 MP: 1/1
   135 | D:1      | Found a faded altar of an unknown god.
   150 | D:1      | Reached XP level 2. HP: 22/22 MP: 2/2
   589 | D:2      | Reached XP level 3. HP: 27/27 MP: 3/3
  1280 | D:2      | Reached XP level 4. HP: 32/32 MP: 4/4
  2510 | D:4      | Noticed an ogre
  2523 | D:4      | Slain by an ogre

Illustrated notes

Levels and vault maps discovered:
D:1:      eino_arrival_water_star, layout_rooms,
          shapermc_ecumenical_altar_starsandcircs
D:2:      minmay_chambers_of_ones, layout_basic
D:3:      layout_loops_ring
D:4:      layout_loops_ring, mainiacjoe_overflow_catwalk,
          mainiacjoe_overflow_catch_the_wave,
          minmay_temple_entry_gardened_gates, minivault_4, st_stairs_1,
          hangedman_abyss_or_decor_stabs

Skill      XL: |  1  2  3 |
---------------+----------+-----
Fighting       | 6 |  6.5
Armour         | 6 |  6.5

Action                   |  1- 3 |  4- 6 || total
-------------------------+-------+-------++-------
Melee: Mace              |   114 |    76 ||   190
Armor: Scale mail        |    57 |    53 ||   110
Dodge: Dodged            |    60 |    43 ||   103

Table legend: (Time is in decaauts)
 A = Elapsed time spent in this place.
 B = Non-inter-level travel time spent in this place.
 C = Inter-level travel time spent in this place.
 D = Time resting spent in this place.
 E = Time spent auto-exploring this place.
 F = Levels seen in this place.
 G = Mean time per level.
                   A        B        C        D        E       F      G
               +--------+--------+--------+--------+--------+-----+--------+
         Total |   2599 |   2337 |    262 |      0 |   1852 |   4 |  649.8 |
       Dungeon |   2599 |   2337 |    262 |      0 |   1852 |   4 |  649.8 |
               +--------+--------+--------+--------+--------+-----+--------+

Top non-repeatable levels by time:
     D:2: 1140 daAuts
     D:3: 917 daAuts
     D:1: 509 daAuts
     D:4: 32 daAuts
